AoeStats
← John Mayer

Arena

510166565Analyzed
2v2 RM · 4d ago on Sep 29, 2026· 53m 22s· 4 players
Game mode
Random Map
Map size
Medium (4 player)
Population
200
Speed
Normal
Resources
Standard
Victory
Conquest
Starting age
Dark Age
Ending age
Imperial Age
RankedLock teamsTeams togetherTeam positionsShared explorationLock speedFull tech treeHidden civsTurbo modeCheats
Victory
Defeat
🇩🇪 Khmer · Germany
1047
+14
🇩🇪 Persians · Germany
1020
+15
🇬🇧 Hindustanis · United Kingdom
1006
-15
🇦🇷 Aztecs · Argentina
983
-14
The Invisible Man
11:32 Feudal Age
12:43 Loom
15:27 Castle Age
13:54 Double-Bit Axe
14:02 Gold Mining
13:54 Horse Collar
14:26 Scale Mail Armor
14:24 Loom
18:14 Wheelbarrow
18:25 Scale Mail Armor
18:45 Forging
24:48 Arson
25:14 Scale Barding Armor
30:12 Heavy Plow
30:25 Bow Saw
30:54 Gold Shaft Mining
34:00 Imperial Age
30:59 Pikeman
34:20 Chain Mail Armor
34:41 Iron Casting
37:53 Blast Furnace
40:15 Hand Cart
42:15 Chain Barding Armor
42:35 Heavy Camel Rider
43:26 Bloodlines
43:17 Husbandry
43:54 Plate Barding Armor
43:43 Conscription
43:29 Grand Trunk Road
46:16 Two-Man Saw
46:33 Imperial Camel Rider
47:36 Stone Mining
48:53 Stone Shaft Mining
48:08 Town Watch
Pornelius Hubert
10:10 Feudal Age
11:26 Double-Bit Axe
11:25 Horse Collar
18:03 Castle Age
19:22 Wheelbarrow
21:33 Heavy Plow
22:07 Bow Saw
23:11 Hand Cart
26:57 Crossbowman
31:41 Imperial Age
29:50 Squires
31:47 Forging
31:37 Scale Mail Armor
31:28 Fletching
31:38 Padded Archer Armor
31:40 Gold Mining
31:40 Stone Mining
31:48 Elite Jaguar Warrior
32:52 Conscription
34:39 Gold Shaft Mining
34:40 Stone Shaft Mining
34:47 Chain Mail Armor
35:08 Iron Casting
34:44 Pikeman
40:36 Crop Rotation
41:20 Arson
44:55 Garland Wars
44:28 Arson
45:54 Onager
47:14 Capped Ram
48:44 Siege Onager
49:55 Siege Ram
50:55 Gambesons
John Mayer
2:49 Loom
11:47 Feudal Age
12:51 Double-Bit Axe
13:05 Horse Collar
15:40 Castle Age
14:40 Gold Mining
15:22 Loom
15:23 Town Watch
18:13 Bow Saw
22:43 Fletching
26:13 Bodkin Arrow
29:08 Wheelbarrow
38:59 Imperial Age
37:56 Heavy Plow
39:04 Bloodlines
38:55 Husbandry
39:42 Ballistics
39:24 Kamandaran
39:33 Scale Barding Armor
39:39 Forging
39:29 Padded Archer Armor
40:47 Chemistry
40:10 Cavalier
44:19 Iron Casting
45:16 Chain Barding Armor
46:28 Savar
52:00 Conscription
51:04 Crossbowman
51:50 Thumb Ring
52:27 Plate Barding Armor
52:08 Leather Archer Armor
53:27 Blast Furnace
striker6000
11:52 Feudal Age
14:45 Castle Age
13:09 Double-Bit Axe
13:05 Horse Collar
15:43 Bow Saw
16:07 Loom
22:27 Wheelbarrow
21:38 Town Watch
21:57 Heavy Plow
21:49 Gold Mining
23:45 Hand Cart
23:58 Husbandry
24:08 Bloodlines
25:05 Fortified Wall
25:17 Ballistics
25:35 Scale Barding Armor
26:41 Chain Barding Armor
32:04 Imperial Age
29:48 Town Patrol
30:51 Forging
32:10 Tusk Swords
34:43 Plate Barding Armor
34:31 Elite Battle Elephant
37:36 Iron Casting
41:08 Chemistry
40:29 Ballistics
40:18 Siege Engineers
40:10 Heavy Scorpion
41:06 Double Crossbow
41:00 Light Cavalry
42:07 Masonry
43:26 Light Cavalry
44:30 Light Cavalry
46:36 Hussar
47:32 Capped Ram
49:26 Blast Furnace
48:58 Architecture
48:49 Ballistics
49:21 Conscription
49:51 Siege Ram
Connection lost

Rejoining the realm…

Still unreachable

The connection could not be restored.

Session expired

The server has moved on; the page needs a fresh start.